 Dungeon Crawl Stone Soup version 0.28-a0-828-g0121872642 (webtiles) character file.

Game seed: 11752735355133300423

117 cheechan the Bolt Thrower (level 5, -6/46 HPs)
             Began as a Naga Hunter on Nov 10, 2021.
             Mangled by a gnoll (7 damage)
             ... on level 3 of the Dungeon.
             The game lasted 00:09:54 (2178 turns).

cheechan the Bolt Thrower (Naga Hunter)             Turns: 2178, Time: 00:09:56

Health: -6/46      AC:  4    Str: 14    XL:     5   Next: 1%
Magic:  5/5        EV:  9    Int: 12    God:
Gold:   99         SH:  0    Dex: 12    Spells: 4/4 levels left

rFire   . . .      SeeInvis +   a - +1 hand crossbow
rCold   . . .      Faith    +   (no shield)
rNeg    . . .      Spirit   .   c - +0 leather armour
rPois   +          Reflect  .   e - +0 helmet
rElec   .          Harm     .   (no cloak)
rCorr   .          Rampage  .   (no gloves)
Will    .....                   (no barding)
Stlth   ++........              h - amulet of faith
HPRegen 0.15/turn               (no ring)
MPRegen 0.09/turn               (no ring)

@: short of breath, very slow
A: AC +1, large, see invisible, deformed body, poison resistance, slowness 2,
spit poison 1, naga tail 1
a: Spit Poison


You were on level 3 of the Dungeon.
You visited 1 branch of the dungeon, and saw 3 of its levels.

You collected 99 gold pieces.

Inventory:

Hand Weapons
 a - a +1 hand crossbow (weapon)
 k - a +0 war axe
Missiles
 d - 12 bolts (quivered ammo)
 i - 16 arrows
 j - 2 boomerangs
Armour
 c - a +0 leather armour (worn)
 e - a +0 helmet (worn)
Jewellery
 h - an amulet of faith (around neck)
Wands
 b - a wand of iceblast (8)
Scrolls
 g - a scroll of identify
Potions
 l - a potion of might


   Skills:
 + Level 2.5 Fighting
 + Level 4.7 Crossbows
 + Level 1.1 Armour
 + Level 2.0 Dodging
 + Level 2.1 Stealth


You had 4 spell levels left.
You didn't know any spells.
Your spell library contained the following spells:

 Spells                   Type           Power      Damage    Failure   Level
 Static Discharge         Conj/Air       0%         N/A       52%         2
 Gell's Gravitas          Tloc           0%         N/A       77%         3
 Teleport Other           Tloc           0%         N/A       77%         3
 Dispel Undead            Necr           0%         3d6       99%         4
 Sticky Flame             Conj/Fire      0%         2d3       99%         4
 Dispersal                Tloc           0%         N/A       100%        6


Dungeon Overview and Level Annotations

Branches:
Dungeon (3/15)

Altars:


Innate Abilities, Weirdness & Mutations

Your serpentine skin is tough. (AC +1)
You have supernaturally acute eyesight. (SInv)
Armour fits poorly on your strangely shaped body.
Your system is resistant to poisons. (rPois)
You cover ground very slowly.
You can spit poison.
You have a snake-like lower body.


Message History

You shoot a bolt. The bolt hits the gnoll!
The gnoll is almost dead.
The gnoll hits you with a +0 flail! The gnoll hits you with a +0 whip.
Unknown command.
Fire: 16 bolts
Press: ? - help, Shift-Dir - straight line, f/p - gnoll
Aim: a gnoll, wielding a +0 flail (almost dead, 69% to hit)
You shoot a bolt. The bolt closely misses the gnoll.
The gnoll closely misses you. The gnoll hits you but does no damage.
The gnoll closely misses you.
Fire: 15 bolts
Press: ? - help, Shift-Dir - straight line, f/p - gnoll
Aim: a gnoll, wielding a +0 flail (almost dead, 69% to hit)
You shoot a bolt. The bolt closely misses the gnoll.
The gnoll misses you. The gnoll hits you with a +0 flail!
* * * LOW HITPOINT WARNING * * *
Unknown command.
Fire: 14 bolts
Press: ? - help, Shift-Dir - straight line, f/p - gnoll
Aim: a gnoll, wielding a +0 flail (almost dead, 69% to hit)
You shoot a bolt. The bolt barely misses the gnoll.
You have got your breath back.
The gnoll barely misses you. x2; The gnoll hits you with a +0 whip!
* * * LOW HITPOINT WARNING * * *
Abil: Spit Poison
Press: ? - help, Q - select action, (/) - cycle Shift-Dir - straight line, f/p - gnoll
Aim: a gnoll, wielding a +0 flail (almost dead)
The splash of poison hits the gnoll!
The gnoll is poisoned.
You kill the gnoll!
The gnoll hits you with a +0 whip.
* * * LOW HITPOINT WARNING * * *
You have reached level 5!
Okay, then.
Fire: 13 bolts
Press: ? - help, Shift-Dir - straight line, f - gnoll
Aim: a gnoll, wielding a +0 whip (69% to hit)
You shoot a bolt. The bolt hits the gnoll.
The gnoll is moderately wounded.
The gnoll hits you with a +0 whip!
You die...

#(.(......# .....>...#
.>.......# ........#
.(.....# #.....# .
#)g...# ..## #@....#
.####....##(....# ##
.#... ............# ..
....###....##.....#
#####...#.....(......#
..............##.....#
####....###.. #.....#
#....##...#( #).####
.....##.#.######.##


You could see a gnoll.

Vanquished Creatures
  Ijyb (D:3)
  2 gnolls (D:3)
  An adder skeleton (D:3)
  An orc (D:3)
  11 endoplasms
  5 giant cockroaches
  3 goblins
  5 hobgoblins
  2 jackals (D:1)
  4 quokkas
  4 ball pythons
  8 bats
  A frilled lizard (D:1)
  10 kobolds
  6 rats
64 creatures vanquished.

Notes
Turn   | Place    | Note
-------+----------+-------------------------------------------
     0 | D:1      | cheechan the Naga Hunter began the quest for the Orb.
     0 | D:1      | Reached XP level 1. HP: 19/19 MP: 1/1
    98 | D:1      | Reached XP level 2. HP: 26/26 MP: 2/2
   199 | D:1      | Reached skill level 4 in Crossbows
   434 | D:1      | Reached XP level 3. HP: 10/32 MP: 3/3
  1546 | D:2      | Found a faded altar of an unknown god.
  1601 | D:2      | Reached XP level 4. HP: 36/40 MP: 4/4
  2149 | D:3      | Noticed Ijyb
  2157 | D:3      | Killed Ijyb
  2158 | D:3      | Reached skill level 1 in Armour
  2176 | D:3      | HP: 2/40 [gnoll (7)]
  2178 | D:3      | Reached XP level 5. HP: 1/46 MP: 5/5
  2178 | D:3      | Mangled by a gnoll

Illustrated notes

Levels and vault maps discovered:
D:1:      scummos_arrival_forest, layout_basic
D:2:      layout_basic, hellmonk_ecumenical_altar_crossroads
D:3:      layout_rooms, st_stairs_1, minmay_crystal_water, hex_intersection,
          minmay_misc_feat_more_columns, uniq_ijyb

Skill      XL: |  1  2  3  4 |
---------------+-------------+-----
Crossbows      | 4 |  4.7
Dodging        | 2 |  2.0
Stealth        | 2 |  2.1
Armour         | 1 |  1.1
Fighting       | |  2.5

Action                   |  1- 3 |  4- 6 || total
-------------------------+-------+-------++-------
 Fire: Hand crossbow     |    84 |    32 ||   116
 Abil: Spit Poison       |    22 |    10 ||    32
  Use: Scroll            |       |     3 ||     3
Armor: Leather armour    |    25 |     6 ||    31
Dodge: Dodged            |    43 |    13 ||    56

Table legend: (Time is in decaauts)
 A = Elapsed time spent in this place.
 B = Non-inter-level travel time spent in this place.
 C = Inter-level travel time spent in this place.
 D = Time resting spent in this place.
 E = Time spent auto-exploring this place.
 F = Levels seen in this place.
 G = Mean time per level.
                   A        B        C        D        E       F      G
               +--------+--------+--------+--------+--------+-----+--------+
         Total |   2908 |   2908 |      0 |    177 |      0 |   3 |  969.3 |
       Dungeon |   2908 |   2908 |      0 |    177 |      0 |   3 |  969.3 |
               +--------+--------+--------+--------+--------+-----+--------+

Top non-repeatable levels by time:
     D:1: 1483 daAuts
     D:2: 1037 daAuts
     D:3: 387 daAuts
